 Dungeon Crawl Stone Soup version 0.27.0-1-g7a089689b8 (webtiles) character file.

Game seed: 5538647984777191416

18205 ZombieSheep the Schismatic (level 12, -1/99 HPs)
             Began as a Formicid Abyssal Knight on Aug 3, 2021.
             Was an Elder of Lugonu.
             Slain by a five-headed hydra (4 damage)
             ... on level 3 of the Lair of Beasts on Aug 4, 2021.
             The game lasted 00:34:00 (17461 turns).

ZombieSheep the Schismatic (FoAK)                  Turns: 17461, Time: 00:34:01

Health: -1/99      AC: 20    Str: 20    XL:     12   Next: 92%
Magic:  0/20       EV:  7    Int: 13    God:    Lugonu [****..]
Gold:   723        SH: 17    Dex: 11    Spells: 11/11 levels left

rFire    + . .     SeeInvis +   a - +3 trident (vorpal)
rCold    . . .     Faith    .   j - +0 kite shield
rNeg     . . .     Spirit   .   u - +0 plate armour
rPois    +         Reflect  +   (helmet unavailable)
rElec    .         Harm     .   s - +1 cloak
rCorr    .         Rampage  .   p - +0 pair of gloves
Will     +....                  g - +0 pair of boots
Stlth    ..........             f - amulet of reflection
HPRegen  0.26/turn              b - ring of protection from fire
MPRegen  0.17/turn              n - ring of poison resistance

@: no status effects
A: permanent stasis, dig shafts and tunnels, antennae 3, four strong arms
a: Dig, Shaft Self, Renounce Religion, Depart the Abyss, Bend Space, Banish,
Corrupt


You were on level 3 of the Lair of Beasts.
You worshipped Lugonu.
Lugonu was greatly pleased with you.
You visited 2 branches of the dungeon, and saw 13 of its levels.
You visited the Abyss 1 time.

You collected 723 gold pieces.

Inventory:

Hand Weapons
 a - a +3 vorpal trident (weapon)
 d - a +0 vampiric halberd
 h - a +0 scimitar of flaming
 y - a +1 vorpal bardiche
Armour
 g - a +0 pair of boots (worn)
 j - a +0 kite shield (worn)
 p - a +0 pair of gloves (worn)
 s - a +1 cloak (worn)
 u - a +0 plate armour (worn)
Jewellery
 b - a ring of protection from fire (left hand)
 f - an amulet of reflection (around neck)
 n - a ring of poison resistance (right hand)
 t - an amulet of guardian spirit
 C - an amulet of regeneration
 E - a ring of fire
Wands
 e - a wand of polymorph (14)
 r - a wand of iceblast (6)
 x - a wand of charming (7)
Scrolls
 k - a scroll of identify
 o - 2 scrolls of enchant weapon
 w - 3 scrolls of amnesia
 A - a scroll of magic mapping
Potions
 c - a potion of curing
 i - 2 potions of cancellation
 l - 2 potions of flight
 m - 2 potions of brilliance
 q - 2 potions of mutation
 v - a potion of invisibility
 z - 3 potions of might
 B - 3 potions of heal wounds
 D - a potion of ambrosia


   Skills:
 + Level 10.6 Fighting
 + Level 9.5 Polearms
 + Level 10.2 Armour
 - Level 1.8 Dodging
 - Level 10.3 Shields
 + Level 11.1 Invocations


You had 11 spell levels left.
You didn't know any spells.
Your spell library contained the following spells:

 Spells                   Type           Power      Damage    Failure   Level
 Magic Dart               Conj           0%         1d3       99%         1
 Call Imp                 Summ           0%         N/A       100%        2
 Corpse Rot               Necr/Air       N/A        N/A       100%        2
 Poisonous Vapours        Pois/Air       0%         N/A       100%        2
 Ignite Poison            Fire/Tmut/Pois 0%         N/A       100%        3
 Mephitic Cloud           Conj/Pois/Air  0%         N/A       100%        3
 Portal Projectile        Hex/Tloc       0%         N/A       100%        3
 Petrify                  Tmut/Erth      0%         N/A       100%        4
 Blade Hands              Tmut           0%         N/A       100%        5
 Bolt of Magma            Conj/Fire/Erth 0%         4d4       100%        5
 Excruciating Wounds      Necr           0%         N/A       100%        5
 Freezing Cloud           Conj/Ice/Air   0%         6-21      100%        5
 Metabolic Englaciation   Hex/Ice        0%         N/A       100%        5
 Statue Form              Tmut/Erth      0%         N/A       100%        6


Dungeon Overview and Level Annotations

Branches:
Dungeon (10/15)            Temple (0/1) D:6            Lair (3/6) D:10
  Swamp: Lair:2-4    Shoals: Lair:2-4     Snake: Lair:2-4    Spider: Lair:2-4
    Orc: D:9-12

Altars:
Dithmenos
Elyvilon
Gozag
Kikubaaqudgha
Sif Muna

Shops:
D:4 (

Portals:
Trove: D:10 (give +3 storm dragon scales)

Annotations:
D:5 1 runed translucent door, Almightybob's ghost, amateur DsCK
D:9 3 runed translucent doors, reversiblehash's ghost, journeyman DsFi
Lair:3 2 transporters, Ceyvaan's ghost, journeyman DEFE


Innate Abilities, Weirdness & Mutations

You cannot be hasted, slowed, berserked, paralysed or teleported.
You can dig through walls and to a lower floor.
You have a pair of large antennae on your head. (SInv)
Your four strong arms can wield two-handed weapons with a shield.


Message History

Aim: a six-headed hydra (thin mist, chance to affect: 59%)
The six-headed hydra resists with significant effort.
The six-headed hydra completely misses you.
You block the six-headed hydra's attack. x2
The six-headed hydra bites you.
The six-headed hydra bites you but does no damage. x2
The swamp worm barely misses you.
Press: ? - help, Shift-Dir - straight line, f/p - six-headed hydra
Aim: a six-headed hydra (thin mist, chance to affect: 59%)
The six-headed hydra is devoured by a tear in reality.
Lugonu claims a new guest.
You can no longer gate yourself to the Abyss.
You block the swamp worm's attack.
You block the five-headed hydra's attack. x2
The five-headed hydra bites you but does no damage.
The five-headed hydra bites you.
You block the five-headed hydra's attack.
Press: ? - help, Shift-Dir - straight line, f - five-headed hydra
Aim: a five-headed hydra (translocational energy, chance to affect: 59%)
The five-headed hydra resists with significant effort.
The swamp worm bites you!
* * * LOW HITPOINT WARNING * * *
You block the five-headed hydra's attack.
The five-headed hydra closely misses you.
You block the five-headed hydra's attack.
The five-headed hydra bites you.
* * * LOW HITPOINT WARNING * * *
You block the five-headed hydra's attack.
Press: ? - help, Shift-Dir - straight line, f/p - five-headed hydra
Aim: a five-headed hydra (translocational energy, chance to affect: 59%)
The five-headed hydra resists with significant effort.
The swamp worm bites you!
* * * LOW HITPOINT WARNING * * *
You block the swamp worm's attack.
You block the five-headed hydra's attack.
The five-headed hydra bites you but does no damage. x2
The five-headed hydra bites you.
* * * LOW HITPOINT WARNING * * *
The five-headed hydra bites you.
You die...

...............#.###.#P........
.....).........................
...............................
.............♣...♣.♣...........
..........♣♣♣♣♣.♣♣♣♣♣♣♣.......P
.........†♣≈≈≈♣♣♣♣♣§§§♣♣♣......
.##..P.#..♣≈≈≈≈♣§§§§.§≈.♣♣.....
###..##.#.♣≈≈≈≈♣Dw§♣§≈≈.§♣.....
###..##.#.♣≈≈≈≈♣@♣♣♣§§§D.♣ ...
.#........♣≈≈≈≈..♣ {§§♣§§♣
..........♣≈≈≈...♣ {≈D≈♣ §♣
###.....#...†≈..♣♣ .§.. ♣ #
##..###...≈♣.♣♣ §§..§
###..####.♣.♣♣♣♣ §§♣§§♣
#.##..#...♣♣♣ ...........♣
#.#.########


You could see a five-headed hydra and a swamp worm.

Vanquished Creatures
  Erica (D:9)
  Pikel (D:5)
  A black mamba (Lair:1)
  5 cane toads
  A rime drake (Lair:1)
  A kobold demonologist (D:10)
  A troll (D:10)
  A polar bear (Lair:2)
  A tyrant leech (Lair:3)
  A hornet (D:10)
  Grinder (D:3)
  12 blink frogs
  Prince Ribbit (D:7)
  2 wyverns
  Eustachio (D:4)
  A basilisk (Lair:3)
  2 steam dragons
  15 yaks
  5 swamp worms
  An acid dragon (D:9)
  5 water moccasins
  Edmund (D:6)
  6 orc warriors
  2 black bears
  A centaur (D:7)
  2 ogres
  6 wolves
  2 kobold brigands
  A phantom (D:7)
  2 wyvern zombies
  7 bullfrogs
  3 scorpions
  4 wights (D:9)
  8 killer bees
  An electric eel (Lair:2)
  2 howler monkeys
  4 centaur zombies
  3 orc priests
  2 hounds
  A bullfrog skeleton (D:7)
  2 jellies
  2 centaur skeletons
  A scorpion zombie (D:5)
  An iguana (D:6)
  6 orc wizards
  A hound skeleton (D:5)
  A howler monkey zombie (D:8)
  Robin (D:3)
  7 gnolls (D:5)
  6 adders
  A river rat (Lair:3)
  A white imp (D:7)
  5 worms
  4 dart slugs
  38 orcs
  5 bats
  5 endoplasms
  2 giant cockroaches
  18 goblins
  5 hobgoblins
  16 jackals
  20 kobolds
  2 quokkas
  8 ball pythons
  3 frilled lizards
  8 rats
287 creatures vanquished.

Vanquished Creatures (others)
  An orc (D:7)
  A goblin (D:3)
  17 fungi
  28 plants
47 creatures vanquished.

Grand Total: 334 creatures vanquished

Notes
Turn   | Place    | Note
-------+----------+-------------------------------------------
     0 | Abyss:1  | ZombieSheep the Formicid Abyssal Knight began the quest for
                  | the Orb.
     0 | Abyss:1  | Reached XP level 1. HP: 18/18 MP: 2/2
    47 | Abyss:1  | Noticed a glowing orange brain
    48 | D:1      | Escaped the Abyss
   144 | D:1      | Reached skill level 1 in Dodging
   176 | D:1      | Reached XP level 2. HP: 24/24 MP: 3/3
   289 | D:1      | Reached * piety under Lugonu
   529 | D:1      | Reached XP level 3. HP: 29/29 MP: 4/4
  1426 | D:2      | Reached XP level 4. HP: 18/37 MP: 6/6
  1862 | D:2      | Reached skill level 3 in Invocations
  2171 | D:2      | Reached ** piety under Lugonu
  2370 | D:3      | Reached XP level 5. HP: 42/42 MP: 7/7
  2528 | D:3      | Found a faded altar of an unknown god.
  2796 | D:3      | Noticed Grinder
  2807 | D:3      | Killed Grinder
  2808 | D:3      | Reached skill level 4 in Invocations
  2808 | D:3      | Reached XP level 6. HP: 16/49 MP: 7/9
  3134 | D:3      | Noticed Robin
  3165 | D:3      | Killed Robin
  4046 | D:4      | Noticed an ogre
  4053 | D:4      | Killed an ogre
  4054 | D:4      | Reached XP level 7. HP: 26/55 MP: 10/10
  4551 | D:4      | Noticed Eustachio
  4612 | D:4      | Killed Eustachio
  4613 | D:4      | Reached skill level 5 in Fighting
  4718 | D:4      | Reached *** piety under Lugonu
  5028 | D:4      | Found Motaph's Weapon Shoppe.
  5099 | D:5      | Entered Level 5 of the Dungeon
  5333 | D:5      | Found a shadowy altar of Dithmenos.
  5354 | D:5      | Noticed Almightybob's ghost (amateur DsCK)
  5361 | D:5      | Found a runed translucent door.
  5394 | D:5      | Reached XP level 8. HP: 62/62 MP: 11/11
  5660 | D:5      | Reached skill level 5 in Invocations
  6509 | D:6      | Reached skill level 5 in Armour
  6902 | D:6      | Noticed Pikel
  6979 | D:5      | Killed Pikel
  6980 | D:5      | Reached skill level 5 in Polearms
  6980 | D:5      | Reached skill level 5 in Shields
  6980 | D:5      | Reached skill level 6 in Invocations
  6980 | D:5      | Reached XP level 9. HP: 42/71 MP: 13/13
  7147 | D:6      | Found a staircase to the Ecumenical Temple.
  7177 | D:6      | Noticed Edmund
  7212 | D:6      | Killed Edmund
  7934 | D:6      | Reached **** piety under Lugonu
  8114 | D:6      | Found a white marble altar of Elyvilon.
  8119 | D:6      | Found a shimmering blue altar of Sif Muna.
  8122 | D:6      | Found an ancient bone altar of Kikubaaqudgha.
  8365 | D:7      | Noticed Prince Ribbit
  8406 | D:7      | Killed Prince Ribbit
  8407 | D:7      | Reached skill level 7 in Invocations
  8942 | D:7      | Reached XP level 10. HP: 54/79 MP: 15/15
 10148 | D:9      | Found a runed translucent gate.
 10148 | D:9      | Found a runed translucent gate.
 10148 | D:9      | Found a runed translucent gate.
 10149 | D:9      | Found an opulent altar of Gozag.
 10254 | D:9      | Reached skill level 8 in Invocations
 10600 | D:9      | Noticed Erica
 10604 | D:9      | Killed Erica
 10816 | D:9      | Reached XP level 11. HP: 77/87 MP: 17/17
 11225 | D:9      | Reached skill level 9 in Invocations
 11467 | D:9      | Noticed a seven-headed hydra
 11468 | D:9      | Noticed reversiblehash's ghost (journeyman DsFi)
 11469 | D:9      | Noticed a boulder beetle
 11470 | D:9      | Noticed an eight-headed hydra
 11486 | D:10     | Entered Level 10 of the Dungeon
 11747 | D:10     | Found a staircase to the Lair.
 11944 | D:10     | Noticed a vault guard
 11945 | D:10     | Banished a vault guard
 11951 | D:10     | Found a portal to a secret trove of treasure.
 12869 | Lair:1   | Entered Level 1 of the Lair of Beasts
 12891 | Lair:1   | Noticed a seven-headed hydra
 12892 | Lair:1   | Banished a seven-headed hydra
 12977 | Lair:1   | HP: 4/89 [poisoned by a cane toad]
 13440 | Lair:1   | Reached skill level 10 in Invocations
 13581 | Lair:1   | Reached XP level 12. HP: 75/96 MP: 19/19
 14618 | Lair:1   | Identified a scroll of acquirement
 14618 | Lair:1   | Acquired a +1 vorpal bardiche
 14721 | Lair:2   | Reached skill level 10 in Fighting
 14725 | Lair:2   | Reached ***** piety under Lugonu
 14780 | Lair:1   | Reached skill level 10 in Shields
 16289 | Lair:3   | Identified the +3 flail of Patience {speed, Dex+3}
 16291 | Lair:3   | Found a transporter.
 16295 | Lair:3   | Found a transporter.
 16295 | Lair:3   | Noticed Ceyvaan's ghost (journeyman DEFE)
 16301 | Lair:3   | Noticed a death yak
 16317 | Lair:3   | Noticed a death yak
 16322 | Lair:3   | Noticed a death yak
 16637 | Lair:3   | Reached skill level 10 in Armour
 17011 | Lair:2   | Reached skill level 11 in Invocations
 17450 | Lair:3   | Noticed a six-headed hydra
 17450 | Lair:3   | Noticed a five-headed hydra
 17459 | Lair:3   | Banished a six-headed hydra
 17461 | Lair:3   | HP: 3/99 [five-headed hydra (5)]
 17461 | Lair:3   | Slain by a five-headed hydra

Illustrated notes

Levels and vault maps discovered:
D:1:      dpeg_arrival_water_fire, layout_basic,
          hangedman_abyss_or_decor_lesser_grid, minivault_23
D:2:      layout_loops_ring, minmay_quadrilaterals
D:3:      layout_basic, shapermc_ecumenical_altar_notcrosses,
          minmay_misc_feat_rugged, uniq_grinder, uniq_robin
D:4:      layout_loops_cross, serial_shops, nicolae_lakefront_shop,
          fountainhead, uniq_eustachio
D:5:      layout_basic, grunt_dithmenos_smoke, hellmonk_ghost_happy_afterlife,
          minivault_19
D:6:      layout_loops_ring, minmay_overflow_temple_star_quad,
          minmay_temple_entry_drinking_statues, grunt_ministairs_8, uniq_edmund,
          uniq_pikel
D:7:      layout_gridville, feat_on_display, uniq_prince_ribbit1
D:8:      layout_rooms
D:9:      layout_irregular_city, ebering_ghost_gozag,
          hangedman_abyss_or_decor_passed, minmay_misc_feat_diagonals,
          minmay_strange_pillars, worms_lemuel, uniq_erica
D:10:     layout_small_grid, grunt_lair_entry_orc_guard_hut, enter_trove_5
Lair:1:   layout_cave_pods, gauntlet_entry_generic, serial_bayou_shore_a
Lair:2:   layout_long_grid, nicolae_quartered_pool_medium, st_stairs_7,
          minivault_24
Lair:3:   regret_index_bee_streams, layout_regular_city,
          palyth_hydra_swamp_entry, gammafunk_ghost_arena

Skill      XL: |  1  2  3  4  5  6  7  8  9 10 11 12 |
---------------+-------------------------------------+-----
Dodging        | 1 |  1.8
Invocations    | 3 4 6 7 8 10 11 | 11.1
Armour         | 3 4 5 6 7 9 10 | 10.2
Fighting       | 4 5 6 7 8 9 10 | 10.6
Polearms       | 3 4 5 6 7 8 9 |  9.5
Shields        | 2 3 5 6 7 9 10 | 10.3

Action                   |  1- 3 |  4- 6 |  7- 9 | 10-12 || total
-------------------------+-------+-------+-------+-------++-------
Melee: Spear             |   140 |   138 |       |       ||   278
       Trident           |       |    73 |   386 |   855 ||  1314
Invok: Depart the Abyss  |     1 |       |       |       ||     1
       Bend Space        |       |       |     1 |     1 ||     2
       Banish            |       |       |       |     9 ||     9
Evoke: Wand              |       |       |       |     4 ||     4
  Use: Scroll            |     2 |     2 |    10 |     8 ||    22
       Potion            |       |     1 |     4 |     1 ||     6
Armor: Leather armour    |     8 |       |       |       ||     8
       Scale mail        |    63 |     1 |       |       ||    64
       Chain mail        |       |    74 |   170 |     2 ||   246
       Plate armour      |       |       |       |   284 ||   284
Dodge: Dodged            |    47 |    46 |   101 |   135 ||   329
Block: Kite shield       |       |    45 |   197 |   583 ||   825
       Reflection        |       |       |     2 |    11 ||    13
